 Dungeon Crawl Stone Soup version 0.21.1-1-g345015f (webtiles) character file.

138180 wojtek the Severer (level 16, 0/146 HPs)
             Began as a Minotaur Fighter on July 7, 2018.
             Was the Champion of Okawaru.
             Slain by an emperor scorpion (8 damage)
             ... on level 4 of the Spider Nest.
             The game lasted 00:53:53 (28975 turns).

wojtek the Severer (Minotaur Fighter)              Turns: 28975, Time: 00:53:54

Health: 0/146      AC: 31    Str: 30      XL:     16   Next: 70%
Magic:  1/25       EV: 14    Int:  9 (10) God:    Okawaru [******]
Gold:   1331       SH: 21    Dex: 17      Spells: 15/15 levels left

rFire    + . .     SeeInvis .   b - +10 war axe of Honour {elec, Int+5 Stlth+}
rCold    . . .     Gourm    .   h - +0 large shield
rNeg     + . .     Faith    .   P - +3 plate armour {rN+}
rPois    +         Spirit   .   Z - +2 hat
rElec    .         Reflect  .   x - +0 cloak
rCorr    .         Harm     .   D - +2 pair of gloves "Daces" {Dex+4}
MR       +....                  H - +0 pair of boots {Fly}
Stlth    ..........             (no amulet)
HPRegen  0.34/turn              C - ring "Eroseapt" {rPois AC+3 Str+2 Dex+3}
MPRegen  0.19/turn              L - ring of protection from fire

@: lethally poisoned (0 -> -1), flying
A: retaliatory headbutt, horns 2
a: Heroism, Finesse, Renounce Religion, Stop Flying


You were on level 4 of the Spider Nest.
You worshipped Okawaru.
Okawaru was exalted by your worship.
You were not hungry.

You visited 5 branches of the dungeon, and saw 26 of its levels.
You also visited: Labyrinth.

You collected 2144 gold pieces.
You spent 813 gold pieces at shops.

Inventory:

Hand Weapons
 a - a +1 war axe of flaming
 b - the +10 war axe of Honour (weapon) {elec, Int+5 Stlth+}
   (Okawaru gifted it to you on level 5 of the Lair of Beasts)

   Occasionally, upon striking a foe, it will discharge some electrical energy
   and cause terrible harm.
   It affects your intelligence (+5).
   It makes you more stealthy.
 R - the +0 war axe "Maaxilap" {freeze, SInv}
   (Okawaru gifted it to you on level 4 of the Spider Nest)

   It has been specially enchanted to freeze those struck by it, causing extra
   injury to most foes and up to half again as much damage against particularly
   susceptible opponents.
   It can also slow down cold-blooded creatures.
   It lets you see invisible.
Missiles
 p - a throwing net (quivered)
Armour
 h - a +0 large shield (worn)
 x - a +0 cloak (worn)
 D - the +2 pair of gloves "Daces" (worn) {Dex+4}
   (Okawaru gifted it to you on level 2 of the Orcish Mines)

   It affects your dexterity (+4).
 H - a +0 pair of boots of flying (worn)
 O - a +4 ring mail of fire resistance
 P - a +3 plate armour of positive energy (worn)
 X - the +1 plate armour "Otuetuj" {rF+ rN++ Int-4}
   (You found it on level 9 of the Dungeon)

   It affects your intelligence (-4).
   It protects you from fire.
   It greatly protects you from negative energy.
 Z - a +2 hat (worn)
Jewellery
 e - an uncursed ring of protection from magic
 o - an uncursed ring of ice
 q - an uncursed ring of protection from cold
 C - the ring "Eroseapt" (left hand) {rPois AC+3 Str+2 Dex+3}
   (You found it on level 4 of the Dungeon)

   [ring of protection]

   It affects your AC (+3).
   It affects your strength (+2).
   It affects your dexterity (+3).
   It protects you from poison.
 L - a ring of protection from fire (right hand)
Wands
 z - a wand of acid (10)
 B - a wand of paralysis (25)
 J - a wand of flame (59)
 M - a wand of clouds (6)
 N - a wand of digging (15)
 S - a wand of iceblast (63)
Scrolls
 j - 5 scrolls of magic mapping
 k - 5 scrolls of fear
 m - 10 scrolls of remove curse
 n - 4 scrolls of identify
 r - 14 scrolls of teleportation
 v - 3 scrolls of noise {unknown}
 A - 4 scrolls of blinking
 I - a scroll of silence {unknown}
 Q - a scroll of fog {unknown}
Potions
 d - 3 potions of might
 g - 6 potions of heal wounds
 i - 4 potions of flight {unknown}
 l - 10 potions of haste
 s - 14 potions of curing
 w - 2 potions of ambrosia {unknown}
 E - a potion of resistance
 F - 2 potions of agility {unknown}
 W - a potion of invisibility {unknown}
Miscellaneous
 u - a fan of gales
 U - a sack of spiders
Comestibles
 f - 58 rations


   Skills:
 + Level 14.2 Fighting
 + Level 15.4 Axes
 + Level 14.0 Armour
 + Level 12.6 Dodging
 + Level 14.0 Shields
 - Level 13.4 Invocations
 + Level 6.4 Evocations


You had 15 spell levels left.
You didn't know any spells.

Dungeon Overview and Level Annotations

Branches:
Dungeon (13/15)            Temple (1/1) D:6            Lair (6/6) D:10
 Shoals (0/4) Lair:2       Spider (4/4) Lair:3        Slime (0/5) Lair:6
    Orc (2/2) D:12            Elf (0/3) Orc:2        Vaults (0/5) D:13

Altars:
Ashenzari
Cheibriados
Dithmenos
Elyvilon
Fedhas
Gozag
Hepliaklqana
Kikubaaqudgha
Makhleb
Nemelex Xobeh
Okawaru
Qazlal
Ru
Sif Muna
Trog
Uskayaw
Vehumet
Wu Jian
Xom
Yredelemnul
Zin
The Shining One
Beogh
Jiyva

Shops:
D:8 (   D:10 *   Orc:2 (=!*[

Annotations:
D:6 need flight
D:7 2 transporters
D:9 exclusion: oklob plant
D:11 2 transporters, lindwurm
Lair:5 2 transporters, exclusion: 3 oklob plants


Innate Abilities, Weirdness & Mutations

You reflexively headbutt those who attack you in melee.
You have a pair of horns on your head.


Message History

The emperor scorpion is severely wounded.
You slash the emperor scorpion!
Lightning courses through the emperor scorpion!
You feel sick.
The emperor scorpion stings you but does no damage.
You block the emperor scorpion's attack.
The emperor scorpion claws you but does no damage.
You block the emperor scorpion's attack.
The emperor scorpion claws you but does no damage.
The emperor scorpion misses you.
You hit the emperor scorpion but do no damage.
Lightning courses through the emperor scorpion!
Your headbutt misses the emperor scorpion.
The emperor scorpion is almost dead.
You slash the emperor scorpion!
Lightning courses through the emperor scorpion!
The emperor scorpion stings you!
* * * LOW HITPOINT WARNING * * *
The emperor scorpion claws you!
You die...

##....................#
##.
#.....^#^.....#^...^..#
#.#
#.....≈#......#^.....^.#
##.
#......#..^..^#^......^#
##
#.^....#^.^.^≈#....#####
# ####...#^..^.^#..###
##..#^..^..#.##
##^#..s...###
####.†@.^## #.#s#≈.#
#≈.....## #....^≈^# ....
#......≈## ^...
#≈.......# ....^
#.......≈# ...^^
##.......#≈.^...
#......##^...^^


You could see 2 emperor scorpions.

Vanquished Creatures
  Rupert (Spider:1)
  Gastronok (D:8)
  7 emperor scorpions
  An orc warlord (Orc:1)
  A ghost moth (Spider:4)
  5 entropy weavers
  A dire elephant (Lair:6)
  The ghost of nicolaieve the Severer, a journeyman MiBe of Trog (Lair:1)
  An ettin (Orc:1)
  A minotaur (Lab)
  Josephine (Orc:2)
  Fannar (Lair:2)
  2 catoblepae
  3 vault guards (D:13)
  5 hydras
  The ghost of dscm the Fighter, a journeyman FeFi of Uskayaw (Orc:2)
  A centaur warrior (D:13)
  4 two-headed ogres
  2 dancing weapons (D:2)
  A queen ant (Spider:1)
  10 death yaks
  A deep troll shaman (Lair:6)
  An orc high priest (Orc:2)
  An unseen horror (D:11)
  A wizard (D:13)
  2 deep elf magi
  A wolf spider zombie (D:12)
  11 orb spiders
  5 orc knights
  28 wolf spiders
  The ghost of TotesWizzard the Blocker, a novice FoFi of Okawaru (D:7)
  A cyclops (D:11)
  2 ugly things (D:11)
  3 orc sorcerers (Orc:2)
  A manticore (D:11)
  7 elephants
  3 gargoyles (D:13)
  4 black mambas
  A torpor snail (Lair:5)
  6 spiny frogs
  A kobold demonologist (D:13)
  3 rime drakes
  3 komodo dragons
  An efreet (D:13)
  A yaktaur (D:13)
  7 demonic crawlers
  A tengu conjurer (D:13)
  A komodo dragon (shapeshifter) (D:12)
  5 trolls
  A minotaur zombie (Lab)
  A queen bee (Lair:4)
  3 meliai
  5 hornets
  31 jumping spiders
  4 polar bears
  Prince Ribbit (D:7)
  3 blink frogs (Lair:2)
  6 dream sheep (Lair:6)
  A meliai zombie (D:13)
  6 hippogriffs
  A spriggan (shapeshifter) (D:13)
  2 shadows (Lab)
  2 wyverns
  62 redbacks
  6 wraiths
  58 yaks
  2 humans
  4 hogs (D:9)
  38 tarantellas
  Eustachio (D:4)
  2 basilisks
  5 hungry ghosts
  A steam dragon (D:6)
  2 wargs
  8 soldier ants (Spider:1)
  10 water moccasins
  29 orc warriors
  2 swamp drakes
  6 porcupines
  2 ice beasts
  A sky beast (D:9)
  5 phantoms
  2 black bears
  8 ogres
  14 wolves
  12 centaurs
  An eye of draining (D:12)
  2 big kobolds
  12 crocodiles
  18 bullfrogs
  A wyvern zombie (D:10)
  2 wyvern skeletons
  34 scorpions
  56 killer bees
  A howler monkey (D:4)
  3 bullfrog zombies
  4 jellies
  3 crimson imps
  8 centaur zombies
  A hound (D:5)
  18 orc priests
  3 bullfrog skeletons
  4 centaur skeletons
  22 worker ants
  Ijyb (D:4)
  2 iguanas
  30 orc wizards
  2 hell rats
  A hound skeleton (D:11)
  A worker ant zombie (D:6)
  14 adders
  A shadow imp (D:5)
  An adder skeleton (D:9)
  An adder zombie (D:7)
  2 worms (D:3)
  4 leopard geckos
  90 orcs
  6 bats
  4 giant cockroaches
  6 goblins
  4 hobgoblins
  19 jackals
  22 kobolds
  A quokka (D:2)
  A jackal skeleton (D:5)
  2 leopard gecko skeletons
  A leopard gecko zombie (D:6)
  2 rats (D:1)
  5 fungi
  11 plants
928 creatures vanquished.

Vanquished Creatures (collateral kills)
  3 killer bees (D:9)
3 creatures vanquished.

Vanquished Creatures (others)
  A queen bee (D:9)
  A hornet (Spider:4)
  A killer bee (D:9)
  6 fungi
  6 plants
15 creatures vanquished.

Grand Total: 946 creatures vanquished

Notes
Turn   | Place    | Note
-------+----------+-------------------------------------------
     0 | D:1      | wojtek the Minotaur Fighter began the quest for the Orb.
     0 | D:1      | Reached XP level 1. HP: 19/19 MP: 0/0
    32 | D:1      | Reached skill level 3 in Axes
    77 | D:1      | Reached XP level 2. HP: 26/26 MP: 1/1
   707 | D:2      | Found a hide-covered altar of Uskayaw.
   724 | D:2      | Noticed a hand axe
   724 | D:2      | Noticed a dagger
   810 | D:2      | Reached skill level 4 in Axes
   890 | D:2      | Reached XP level 3. HP: 20/31 MP: 2/2
  1099 | D:2      | Found an opulent altar of Gozag.
  1581 | D:2      | Reached skill level 5 in Axes
  2064 | D:3      | Reached XP level 4. HP: 39/39 MP: 3/3
  2276 | D:3      | Reached skill level 6 in Axes
  2314 | D:3      | Found a snail-covered altar of Cheibriados.
  2558 | D:4      | Noticed a phantom
  2566 | D:4      | Reached XP level 5. HP: 21/45 MP: 4/4
  2781 | D:3      | Killed a phantom
  2781 | D:3      | Reached skill level 7 in Axes
  2781 | D:3      | Reached XP level 6. HP: 26/51 MP: 5/5
  3085 | D:4      | Found a shattered altar of Ashenzari.
  3101 | D:4      | Reached skill level 8 in Axes
  3315 | D:4      | Reached skill level 1 in Dodging
  3388 | D:4      | Noticed Ijyb
  3396 | D:4      | Killed Ijyb
  3475 | D:4      | Reached XP level 7. HP: 59/59 MP: 6/6
  3524 | D:4      | Noticed Eustachio
  3552 | D:4      | Killed Eustachio
  3558 | D:4      | Got a clouded lapis lazuli ring
  3614 | D:4      | You fall through a shaft for 2 floors!
  3773 | D:5      | Entered Level 5 of the Dungeon
  4250 | D:5      | Reached skill level 5 in Armour
  4252 | D:5      | Reached skill level 5 in Fighting
  4252 | D:5      | Reached skill level 5 in Shields
  4399 | D:5      | Reached XP level 8. HP: 35/68 MP: 7/7
  5078 | D:5      | Reached skill level 9 in Axes
  5248 | D:5      | Found a deep blue altar of Sif Muna.
  6153 | D:6      | Reached XP level 9. HP: 51/78 MP: 8/8
  6566 | D:6      | Found a staircase to the Ecumenical Temple.
  6666 | Temple   | Entered the Ecumenical Temple
  6742 | Temple   | Became a worshipper of Warmaster Okawaru
  6779 | Temple   | Identified the ring "Eroseapt" {rPois AC+3 Str+2 Dex+3} (You found it on level 4 of the Dungeon)
  7174 | D:7      | Noticed TotesWizzard's ghost (novice FoFi)
  7204 | D:7      | Killed TotesWizzard's ghost
  7204 | D:7      | Reached skill level 1 in Invocations
  7459 | D:7      | Found a transporter.
  7464 | D:7      | Noticed a cyclops
  7464 | D:7      | Found a transporter.
  7479 | D:7      | Reached skill level 5 in Dodging
  7484 | D:7      | Found a blossoming altar of Fedhas.
  7485 | D:7      | Found a sparkling altar of Nemelex Xobeh.
  7587 | D:7      | Found a sacrificial altar of Ru.
  7727 | D:8      | Noticed Prince Ribbit
  7941 | D:7      | Killed Prince Ribbit
  8074 | D:8      | Got a fine leather armour
  8128 | D:8      | Noticed Gastronok
  8148 | D:8      | Killed Gastronok
  8148 | D:8      | Reached * piety under Okawaru
  8148 | D:8      | Reached skill level 10 in Axes
  8148 | D:8      | Reached XP level 10. HP: 88/88 MP: 10/12
  8435 | D:8      | Found Betesonk's Antique Weapon Shop.
  8452 | D:8      | Reached skill level 5 in Invocations
  8502 | D:8      | Bought a runed war axe for 123 gold pieces
  8506 | D:8      | Found an ancient bone altar of Kikubaaqudgha.
  8786 | D:8      | Noticed a two-headed ogre
  8791 | D:8      | Killed a two-headed ogre
  8791 | D:8      | Reached ** piety under Okawaru
  8929 | D:8      | Noticed a two-headed ogre
  8935 | D:8      | Killed a two-headed ogre
  9070 | D:8      | Found a hazy altar of Hepliaklqana.
  9503 | D:9      | Reached *** piety under Okawaru
  9754 | D:9      | Reached XP level 11. HP: 81/95 MP: 14/14
  9759 | D:9      | Reached **** piety under Okawaru
  9767 | D:9      | Reached skill level 11 in Axes
  9942 | D:9      | Found a white marble altar of Elyvilon.
  9972 | D:9      | Found a glowing golden altar of the Shining One.
 10012 | D:9      | Got a slimy plate armour
 10138 | D:9      | Identified the +1 plate armour "Otuetuj" {rF+ rN++ Int-4} (You found it on level 9 of the Dungeon)
 10226 | D:9      | Found a blossoming altar of Fedhas.
 10251 | D:9      | Noticed an oklob plant
 10322 | D:10     | Entered Level 10 of the Dungeon
 10352 | D:10     | Reached ***** piety under Okawaru
 10462 | D:10     | Noticed a two-headed ogre
 10737 | D:10     | Found Olyiclid's Assorted Antiques.
 10750 | D:10     | Bought a cyan potion for 32 gold pieces
 10750 | D:10     | Bought a scroll of identify for 72 gold pieces
 11020 | D:10     | Killed a two-headed ogre
 11313 | D:10     | Found a staircase to the Lair.
 11462 | D:11     | Noticed a red ugly thing
 11473 | D:11     | Killed a red ugly thing
 11473 | D:11     | Received a gift from Okawaru
 11486 | D:11     | Found a labyrinth entrance.
 11518 | D:11     | Killed an unseen horror
 11544 | Lab      | Entered a labyrinth
 12157 | Lab      | Noticed a minotaur
 12167 | Lab      | Killed a minotaur
 12172 | Lab      | Got a sheer robe
 12426 | Lair:1   | Entered Level 1 of the Lair of Beasts
 12595 | D:11     | Reached XP level 12. HP: 92/106 MP: 17/17
 12806 | D:11     | Found a transporter.
 12832 | D:11     | Found a transporter.
 12886 | D:11     | Reached skill level 10 in Fighting
 12886 | D:11     | Reached skill level 10 in Armour
 13327 | Lair:1   | Noticed nicolaieve's ghost (journeyman MiBe)
 13353 | Lair:1   | Killed nicolaieve's ghost
 13353 | Lair:1   | Reached skill level 12 in Axes
 13353 | Lair:1   | Reached skill level 10 in Shields
 13428 | Lair:1   | Received a gift from Okawaru
 14060 | Lair:2   | Noticed Fannar
 14075 | Lair:2   | Killed Fannar
 14075 | Lair:2   | Reached ****** piety under Okawaru
 14169 | Lair:2   | Found a staircase to the Shoals.
 14709 | Lair:3   | Received a gift from Okawaru
 14900 | Lair:3   | Noticed an eight-headed hydra
 14909 | Lair:3   | Killed a six-headed hydra
 14915 | Lair:3   | Reached skill level 10 in Invocations
 14990 | Lair:3   | Found a hole to the Spider Nest.
 15476 | Lair:4   | Reached XP level 13. HP: 83/114 MP: 19/19
 16109 | Lair:4   | Got a scorched leather armour
 17271 | Lair:5   | Found a transporter.
 17286 | Lair:5   | Received a gift from Okawaru
 17296 | Lair:5   | Got a steaming war axe {god gift}
 17298 | Lair:5   | Identified the +10 war axe of Honour {elec, Int+5 Stlth+} (Okawaru gifted it to you on level 5 of the Lair of Beasts)
 17518 | Lair:5   | Reached skill level 13 in Axes
 17618 | Lair:5   | Reached skill level 10 in Dodging
 18059 | Lair:5   | Found a transporter.
 18123 | Lair:5   | Received a gift from Okawaru
 18482 | D:2      | Received a gift from Okawaru
 18897 | D:12     | Reached XP level 14. HP: 125/125 MP: 21/21
 19253 | D:12     | Found a staircase to the Orcish Mines.
 19810 | D:13     | Got a bloodstained ring mail
 19939 | D:13     | Reached skill level 1 in Evocations
 20125 | D:13     | Paralysed by a wizard for 4 turns
 20427 | D:13     | Received a gift from Okawaru
 20473 | D:13     | Found a gate to the Vaults.
 20702 | Lair:6   | Entered Level 6 of the Lair of Beasts
 20844 | Lair:6   | Found a staircase to the Slime Pits.
 20844 | Lair:6   | Found a viscous altar of Jiyva.
 21126 | Lair:6   | Got an ancient wooden ring
 21916 | Lair:1   | Identified the ring of the Lily {Ice MR- MP+9 Int+3} (You found it on level 6 of the Lair of Beasts)
 21994 | Orc:1    | Entered Level 1 of the Orcish Mines
 22314 | Orc:2    | Entered Level 2 of the Orcish Mines
 22316 | Orc:2    | Noticed dscm's ghost (journeyman FeFi)
 22338 | Orc:2    | Killed dscm's ghost
 22338 | Orc:2    | Received a gift from Okawaru
 22354 | Orc:2    | Got a pair of faintly glowing gloves {god gift}
 22359 | Orc:2    | Identified the +2 pair of gloves "Daces" {Dex+4} (Okawaru gifted it to you on level 2 of the Orcish Mines)
 22529 | Orc:2    | Found a staircase to the Elven Halls.
 22574 | Orc:2    | Noticed an orc warlord
 22588 | Orc:2    | Reached skill level 14 in Axes
 22588 | Orc:2    | Reached XP level 15. HP: 117/134 MP: 23/23
 22828 | Orc:1    | Killed an orc warlord
 22911 | Orc:2    | Found a roughly hewn altar of Beogh.
 22999 | Orc:2    | Found Jiruk's Distillery.
 23040 | Orc:2    | Found Utabac's Antique Armour Emporium.
 23167 | Orc:2    | Bought a potion of resistance for 140 gold pieces
 23167 | Orc:2    | Bought a potion of haste for 140 gold pieces
 23199 | Orc:2    | Bought a pair of ancient gloves for 171 gold pieces
 23199 | Orc:2    | Bought a pair of runed boots for 135 gold pieces
 23210 | Orc:2    | Identified the +0 pair of gloves of Ratof {Dex+3} (You bought it in a shop on level 2 of the Orcish Mines)
 23257 | Orc:2    | Noticed Josephine
 23271 | Orc:2    | Killed Josephine
 23470 | Orc:2    | Found Kofinut's General Store.
 23574 | Orc:2    | Found Innasena's Antique Weapon Emporium.
 23589 | Orc:2    | Found Jeom's Jewellery Emporium.
 23968 | Orc:1    | Found a roughly hewn altar of Beogh.
 24318 | Spider:1 | Entered Level 1 of the Spider Nest
 24649 | Spider:1 | Noticed Rupert
 24657 | Spider:1 | Killed Rupert
 25159 | Spider:1 | Received a gift from Okawaru
 26437 | Spider:3 | Reached skill level 5 in Evocations
 26440 | Spider:3 | Got a shimmering ring mail
 26449 | Spider:3 | Received a gift from Okawaru
 26533 | Spider:3 | Reached XP level 16. HP: 123/144 MP: 25/25
 27077 | Spider:3 | Reached skill level 15 in Axes
 27656 | Spider:3 | Got a dazzling dagger
 27703 | Spider:4 | Entered Level 4 of the Spider Nest
 27915 | Spider:4 | Received a gift from Okawaru
 27920 | Spider:4 | Got a scorched war axe {god gift}
 27937 | Spider:4 | Got a smelly leather armour
 28054 | Spider:4 | Got a shimmering hunting sling
 28579 | Spider:4 | Identified the +0 war axe "Maaxilap" {freeze, SInv} (Okawaru gifted it to you on level 4 of the Spider Nest)
 28975 | Spider:4 | Slain by an emperor scorpion

Skill      XL: |  1  2  3  4  5  6  7  8  9 10 11 12 13 14 15 16 |
---------------+-------------------------------------------------+-----
Axes           | 3 4 5 6 7 8 9 10 11 12 13 14 15 | 15.4
Fighting       | 4 5 6 7 8 9 10 11 12 13 14 | 14.2
Dodging        | 1 3 4 5 6 8 9 10 11 12 | 12.6
Armour         | 4 5 6 7 8 9 10 11 12 13 14 | 14.0
Shields        | 4 5 6 7 8 9 10 11 12 13 14 | 14.0
Invocations    | 4 6 8 10 11 12 13 | 13.4
Evocations     | 3 5 6 |  6.4

Action                   |  1- 3 |  4- 6 |  7- 9 | 10-12 | 13-15 | 16-18 || total
-------------------------+-------+-------+-------+-------+-------+-------++-------
Melee: War axe           |   104 |    96 |   276 |   589 |  1102 |   262 ||  2429
       Headbutt          |    21 |    17 |    59 |   166 |   281 |    75 ||   619
       Broad axe         |       |       |       |       |    50 |       ||    50
Evoke: Wand              |       |       |     6 |     3 |     2 |       ||    11
  Use: Scroll            |       |       |     2 |     9 |     7 |     1 ||    19
 Stab: Confused          |       |       |       |     2 |       |       ||     2
       Petrified         |       |       |       |       |     5 |       ||     5
       Petrifying        |       |       |       |       |     2 |       ||     2
  Eat: Chunk             |     4 |     4 |    14 |    18 |    31 |     4 ||    75
       Ration            |       |       |     1 |     3 |     2 |     1 ||     7
Armor: Scale mail        |    47 |    45 |    79 |       |       |       ||   171
       Plate armour      |       |       |    27 |   109 |   400 |   204 ||   740
       Chain mail        |       |       |       |   124 |       |       ||   124
Dodge: Dodged            |    28 |    24 |    67 |   133 |   287 |   162 ||   701
Block: Shield            |    45 |    34 |   113 |       |       |       ||   192
       Large shield      |       |       |    65 |   543 |  1074 |   399 ||  2081
